 Dungeon Crawl Stone Soup version 0.30-a0-802-gb92711bcdf (console) character file.

Game seed: 11270262173750870682

19 petzl the Sneak (level 2, -1/24 HPs)
             Began as a Formicid Delver on Feb 23, 2023.
             Slain by a worm (9 damage)
             ... on level 6 of the Dungeon.
             The game lasted 00:03:58 (517 turns).

petzl the Sneak (Formicid Delver)                    Turns: 517, Time: 00:03:59

Health: -1/24      AC:  3    Str: 16    XL:     2   Next: 95%
Magic:  5/5        EV: 12    Int:  9    God:
Gold:   8          SH:  0    Dex: 15    Spells: 5/5 levels left

rFire   . . .      SeeInvis +    a - +0 mace
rCold   . . .      Faith    .    (no shield)
rNeg    . . .      Spirit   .    b - +0 leather armour
rPois   .          Reflect  .    (helmet unavailable)
rElec   .          Harm     .    (no cloak)
rCorr   .          Rampage  .    (no gloves)
Will    .....                    (no boots)
Stlth   ++                       (no amulet)
HPRegen 0.24/turn                (no ring)
MPRegen 0.09/turn                (no ring)

@: very slow
A: permanent stasis, dig shafts and tunnels, antennae 3, four strong arms
a: Dig, Shaft Self


You were on level 6 of the Dungeon.
You visited 1 branch of the dungeon, and saw 4 of its levels.

You collected 8 gold pieces.

Inventory:

Hand Weapons
 a - a +0 mace (weapon)
 g - a +1 short sword of holy wrath
Armour
 b - a +0 leather armour (worn)
Wands
 f - a wand of digging (3)
Scrolls
 c - a scroll of fog
 d - a scroll of magic mapping
 e - a scroll of fear


   Skills:
 - Level 3.2 Fighting
 - Level 2.0 Maces & Flails
 - Level 1.7 Dodging
 - Level 6.0 Stealth
 + Level 2.3 Spellcasting


You had 5 spell levels left.
You didn't know any spells.
Your spell library was empty.

Dungeon Overview and Level Annotations

Branches:
Dungeon (6/15)
 Temple: D:4-7

Altars:
Fedhas
Yredelemnul

Portals:
Sewer: D:6

Annotations:
D:5 exclusions: centaur, downstairs and sensed monster (detected)
D:6 exclusions: scorpion, steam dragon and water moccasin


Innate Abilities, Weirdness & Mutations

You cannot be hasted, slowed, berserked, paralysed or teleported.
You can dig through walls and to a lower floor.
You have a pair of large antennae on your head. (SInv)
Your four strong arms can wield two-handed weapons with a shield.


Message History

The kobold hits you with a +1 short sword of holy wrath.
You barely miss the kobold. The kobold misses you.
You barely miss the kobold. The kobold closely misses you.
The kobold barely misses you.
You barely miss the kobold. The kobold closely misses you.
You hit the kobold.
You kill the kobold!
You hit the kobold.
You kill the kobold!
You hear the brisk rusting of a drain very nearby.
Items here: ( )) †.
g - a +1 short sword of holy wrath Unknown command.
Found a glowing drain.
You enter the shallow water.
Moving in this stuff is going to be slow.
A worm comes into view.
There is a glowing drain here.
You enter the shallow water.
Moving in this stuff is going to be slow.
The worm bites you.
You hit the worm.
The worm is moderately wounded.
The worm splashes around in the water.
Your unstable footing causes you to fumble your attack.
The worm splashes around in the water.
You hit the worm.
The worm is moderately wounded.
The worm bites you.
You hit the worm.
The worm is heavily wounded.
The worm splashes around in the water.
You hit the worm.
The worm is heavily wounded.
Your unstable footing causes you to fumble your attack.
The worm bites you!
You hit the worm.
The worm is severely wounded.
The worm bites you!
You die...

#### #### #####
###~~#####...#
#...~~~~~~~.w# ####
#....~~~~~~@.#
...#####...####∩~~##
....).........##~~#
.#.########....#~~#
.#.# #....#~~# .#.#
#.##.#~~# ##.#
#.##...~~ ##.#
........~# ##.# . ..
..## ...# ## . .


You could see a worm.

Vanquished Creatures
  A gnoll (D:6)
  An orc (D:4)
  A bat (D:3)
  3 jackals (D:3)
  A goblin (D:3)
  2 kobolds (D:6)
9 creatures vanquished.

Notes
Turn   | Place    | Note
-------+----------+-------------------------------------------
     0 | D:5      | petzl the Formicid Delver began the quest for the Orb.
     0 | D:5      | Reached XP level 1. HP: 18/18 MP: 1/1
    38 | D:5      | Noticed a centaur
   110 | D:6      | Reached skill level 1 in Spellcasting
   110 | D:6      | Reached XP level 2. HP: 20/24 MP: 1/4
   184 | D:5      | Found a blossoming altar of Fedhas.
   293 | D:4      | You fall into a shaft and drop 1 floor!
   357 | D:6      | Noticed a water moccasin
   372 | D:6      | Noticed a scorpion
   397 | D:6      | Found a basalt altar of Yredelemnul.
   428 | D:6      | Noticed a steam dragon
   453 | D:5      | Noticed a phantom
   453 | D:5      | Noticed a scorpion
   456 | D:5      | You fall into a shaft and drop 1 floor!
   502 | D:6      | Found a glowing drain.
   517 | D:6      | Slain by a worm

Illustrated notes

Levels and vault maps discovered:
D:3:      layout_loops_ring, lemuel_doored_altar, serial_shops, shop_coins
D:4:      layout_basic, vehumet_altar_wand_db, lemuel_round_altar,
          minmay_temple_entry_antechambers, serial_corexii_hall,
          corexii_hall_statues_x, corexii_hall_statues_t, minmay_misc_feat_rows
D:5:      minmay_angry_zag, layout_basic, general_overflow_altar,
          nrook_loot_triangle, uniq_crazy_yiuf_cottage
D:6:      layout_loops_corners, mainiacjoe_overflow_brackets,
          cheibrodos_sewer_entry_bend, uniq_pikel

Skill      XL: |  1  2 |
---------------+-------+-----
Spellcasting   | 1 2 |  2.3
Fighting       | |  3.2
Maces & Flails | |  2.0
Dodging        | |  1.7
Stealth        | |  6.0

Action                     || total
---------------------------++-------
  Melee: Mace              ||    44
Ability: Shaft Self        ||     2
   Stab: Sleeping          ||     1
 Armour: Leather armour    ||     9
  Dodge: Dodged            ||    45

Table legend: (Time is in decaauts)
 A = Elapsed time spent in this place.
 B = Non-inter-level travel time spent in this place.
 C = Inter-level travel time spent in this place.
 D = Time resting spent in this place.
 E = Time spent auto-exploring this place.
 F = Levels seen in this place.
 G = Mean time per level.
                   A        B        C        D        E       F      G
               +--------+--------+--------+--------+--------+-----+--------+
         Total |    533 |    533 |      0 |    111 |     35 |   4 |  133.2 |
       Dungeon |    533 |    533 |      0 |    111 |     35 |   4 |  133.2 |
               +--------+--------+--------+--------+--------+-----+--------+

Top non-repeatable levels by time:
     D:5: 225 daAuts
     D:6: 213 daAuts
     D:4: 67 daAuts
     D:3: 27 daAuts
